 Dungeon Crawl Stone Soup version 0.21.1-1-g345015f (webtiles) character file.

11161 xccam the Severer (level 11, -18/82 HPs)
             Began as a Minotaur Berserker on Feb 10, 2018.
             Was a High Priest of Trog.
             Demolished by Gastronok (27 damage)
             ... on level 11 of the Dungeon.
             The game lasted 00:27:44 (8393 turns).

xccam the Severer (Minotaur Berserker)              Turns: 8393, Time: 00:27:45

Health: -18/82     AC: 16    Str: 25    XL:     11   Next: 45%
Magic:  0/10       EV: 10    Int:  9    God:    Trog [*****.]
Gold:   135        SH:  0    Dex: 10    Spells: 10/10 levels left

rFire    + . .     SeeInvis +   p - +3 executioner's axe (drain)
rCold    + . .     Gourm    .   (shield currently unavailable)
rNeg     . . .     Faith    .   r - +0 plate armour
rPois    .         Spirit   +   (helmet restricted)
rElec    .         Reflect  .   y - scarf {rC+ rF+}
rCorr    .         Harm     .   q - +0 pair of gloves
MR       ++...                  (no boots)
Stlth    ..........             B - amulet of guardian spirit
HPRegen  1.23/turn              j - ring of see invisible
MPRegen  0.12/turn              e - +5 ring of intelligence

@: berserk cooldown, regenerating, slowed, very slow
A: retaliatory headbutt, horns 2
a: Berserk, Trog's Hand, Brothers in Arms, Burn Spellbooks, Renounce Religion


You were on level 11 of the Dungeon.
You worshipped Trog.
Trog was extremely pleased with you.
You were hungry.

You visited 1 branch of the dungeon, and saw 11 of its levels.

You collected 693 gold pieces.
You spent 558 gold pieces at shops.

Inventory:

Hand Weapons
 p - a +3 executioner's axe of draining (weapon)
 x - a +0 battleaxe of chopping
 C - a +2 vampiric demon whip
Armour
 q - a +0 pair of gloves (worn)
 r - a +0 plate armour (worn)
 t - the +6 buckler "Oleajiw" {-Tele rCorr MP+9 Int+4}
   (You acquired it on level 7 of the Dungeon)

   It affects your intelligence (+4).
   It affects your magic capacity (+9).
   It prevents most forms of teleportation.
   It protects you from acid and corrosion.
 y - a scarf of resistance (worn)
 D - a +2 troll leather armour
Jewellery
 e - a +5 ring of intelligence (right hand)
 f - an uncursed amulet of faith
 j - a ring of see invisible (left hand)
 B - an amulet of guardian spirit (around neck)
Wands
 a - a wand of flame (79)
 b - a wand of disintegration (26)
 m - a wand of iceblast (15)
 s - a wand of polymorph (31)
Scrolls
 d - 6 scrolls of remove curse
 g - 7 scrolls of identify
 i - 5 scrolls of enchant armour
 k - a scroll of magic mapping
 u - a scroll of enchant weapon
 w - 3 scrolls of teleportation
Potions
 h - a potion of curing
 l - a potion of resistance
 o - 4 potions of agility
 v - 2 potions of flight
 z - a potion of heal wounds
 A - a potion of brilliance
Comestibles
 c - 15 rations
 n - 5 chunks of flesh


   Skills:
 - Level 3.6 Fighting
 + Level 16.4 Axes
 * Level 11.3 Armour
 + Level 6.3 Dodging
 + Level 2.6 Stealth


You had 10 spell levels left.
You didn't know any spells.

Dungeon Overview and Level Annotations

Branches:
Dungeon (11/15)            Temple (0/1) D:6            Lair (0/6) D:11
    Orc: D:9-12

Altars:
Ashenzari
Cheibriados
Dithmenos
Elyvilon
Fedhas
Hepliaklqana
Makhleb
Nemelex Xobeh
Qazlal
Uskayaw
Zin

Shops:
D:10 [

Annotations:
D:7 appiemonkey's ghost, novice GrFi
D:11 Gastronok


Innate Abilities, Weirdness & Mutations

You reflexively headbutt those who attack you in melee.
You have a pair of horns on your head.


Message History

* * * LOW HITPOINT WARNING * * *
You're still recovering from your berserk rage.
Your skin crawls.
You feel resistant to hostile enchantments.
You are feeling hungry.
Gastronok bites you but does no damage.
You hit Gastronok but do no damage. You drain Gastronok!
You headbutt Gastronok, but do no damage.
Gastronok is heavily wounded.
Gastronok bites you but does no damage.
Your plate armour prevents you from hitting Gastronok.
Gastronok is heavily wounded.
Gastronok waves his eye-stalks in wide circles.
The air twists around and strikes you!
* * * LOW HITPOINT WARNING * * *
Unknown command.
You slice Gastronok!! You headbutt Gastronok!
Gastronok is severely wounded.
Gastronok bites you!!
You die...

....... # ....... ..###
....... ..... .......
#...P. .......
####.♣....
.......###...P...P.
...................
./....w@..%.P.P....
.........(..P..P.PPPP
..........P....P.P...
..............P.♣>....
.................PPPP.
..........♣......PP....
....................♣..
...........÷..P.........
..........P...PP....


You could see Gastronok.

Vanquished Creatures
  A two-headed ogre (D:9)
  Pikel (D:4)
  A cyclops (D:7)
  2 manticores
  The ghost of anp the Ducker, a novice GnMo of Ashenzari (D:6)
  Grinder (D:5)
  A hornet (D:10)
  A hippogriff (D:10)
  12 yaks
  2 shadows
  Eustachio (D:6)
  A basilisk (D:11)
  A hungry ghost (D:9)
  4 porcupines (D:11)
  3 orc warriors
  2 ice beasts
  3 sky beasts
  2 slaves (D:4)
  5 ogres
  An eye of draining (D:10)
  A necrophage (D:7)
  2 phantoms
  6 centaurs
  2 big kobolds
  3 crocodiles (D:11)
  A bullfrog (D:10)
  2 gnoll sergeants
  A scorpion (D:7)
  7 howler monkeys
  5 wights (D:7)
  7 crimson imps
  2 centaur zombies
  7 hounds
  A quasit (D:7)
  4 bullfrog zombies
  8 orc wizards
  A centaur skeleton (D:7)
  4 jellies
  6 orc priests
  A bullfrog skeleton (D:5)
  5 iguanas
  10 worker ants
  3 hound skeletons
  A worker ant zombie (D:11)
  9 gnolls
  15 adders
  2 shadow imps
  2 oozes
  5 adder skeletons
  An adder zombie (D:7)
  3 dart slugs
  7 leopard geckos
  28 orcs
  12 bats
  5 giant cockroaches
  5 goblins
  7 hobgoblins
  12 jackals
  A quokka (D:6)
  4 ball pythons
  3 frilled lizards
  A giant cockroach zombie (D:5)
  2 jackal skeletons
  10 kobolds
  A quokka skeleton (D:4)
  11 rats
  A plant (D:11)
283 creatures vanquished.

Vanquished Creatures (others)
  2 jackals (D:4)
  A jackal zombie (D:6)
3 creatures vanquished.

Grand Total: 286 creatures vanquished

Notes
Turn   | Place    | Note
-------+----------+-------------------------------------------
     0 | D:1      | xccam the Minotaur Berserker began the quest for the Orb.
     0 | D:1      | Reached XP level 1. HP: 19/19 MP: 0/0
    38 | D:1      | Reached skill level 4 in Axes
   307 | D:1      | Reached XP level 2. HP: 26/26 MP: 1/1
   747 | D:1      | Reached XP level 3. HP: 30/31 MP: 2/2
   864 | D:2      | Reached skill level 5 in Axes
  1107 | D:2      | Reached ** piety under Trog
  1295 | D:2      | Reached XP level 4. HP: 29/39 MP: 3/3
  1398 | D:2      | Found a blossoming altar of Fedhas.
  2055 | D:3      | Found a snail-covered altar of Cheibriados.
  2056 | D:3      | Found a shadowy altar of Dithmenos.
  2057 | D:3      | Found a hazy altar of Hepliaklqana.
  2070 | D:3      | Reached XP level 5. HP: 45/45 MP: 4/4
  2250 | D:3      | Reached *** piety under Trog
  2364 | D:3      | Reached skill level 6 in Axes
  2651 | D:4      | Reached XP level 6. HP: 40/51 MP: 5/5
  2781 | D:4      | Reached skill level 7 in Axes
  2790 | D:4      | Found a white marble altar of Elyvilon.
  2844 | D:4      | Noticed a slave
  2849 | D:4      | Noticed a slave
  2850 | D:4      | Noticed a slave
  2853 | D:4      | Noticed Pikel
  2856 | D:4      | Noticed a slave
  2857 | D:4      | Killed a slave
  2864 | D:4      | Killed a slave
  2868 | D:4      | Killed Pikel
  2868 | D:4      | Reached skill level 8 in Axes
  2868 | D:4      | Reached skill level 5 in Armour
  2868 | D:4      | Reached skill level 1 in Stealth
  2868 | D:4      | Reached XP level 7. HP: 26/57 MP: 6/6
  3326 | D:4      | Found a burning altar of Makhleb.
  3328 | D:4      | Found a glowing silver altar of Zin.
  3328 | D:4      | Noticed an angel
  3328 | D:4      | Noticed a blizzard demon
  3338 | D:4      | Reached skill level 9 in Axes
  3442 | D:5      | Entered Level 5 of the Dungeon
  3453 | D:5      | Noticed Grinder
  3460 | D:5      | Paralysed by Grinder for 4 turns
  3467 | D:5      | Killed Grinder
  3467 | D:5      | Reached **** piety under Trog
  3467 | D:5      | Reached XP level 8. HP: 64/64 MP: 7/7
  3498 | D:5      | Reached skill level 5 in Dodging
  3624 | D:5      | Reached skill level 10 in Axes
  3785 | D:5      | Found a stormy altar of Qazlal.
  4058 | D:6      | Noticed Eustachio
  4260 | D:6      | Reached XP level 9. HP: 60/70 MP: 8/8
  4390 | D:6      | Killed Eustachio
  4390 | D:6      | Reached ***** piety under Trog
  4390 | D:6      | Reached skill level 11 in Axes
  4407 | D:6      | Noticed anp's ghost (novice GnMo)
  4418 | D:6      | Killed anp's ghost
  4553 | D:6      | Found a staircase to the Ecumenical Temple.
  4838 | D:7      | Found a hide-covered altar of Uskayaw.
  4856 | D:7      | Identified a scroll of acquirement
  5212 | D:7      | Reached skill level 12 in Axes
  5215 | D:7      | Noticed a cyclops
  5237 | D:7      | Killed a cyclops
  5414 | D:7      | Noticed a manticore
  5419 | D:7      | Killed a manticore
  5419 | D:7      | Reached skill level 13 in Axes
  5419 | D:7      | Reached XP level 10. HP: 25/77 MP: 9/9
  5465 | D:7      | Noticed appiemonkey's ghost (novice GrFi)
  5466 | D:7      | Found a shattered altar of Ashenzari.
  6156 | D:7      | Got a pitted buckler
  6157 | D:7      | Identified the +6 buckler "Oleajiw" {-Tele rCorr MP+9 Int+4} (You acquired it on level 7 of the Dungeon)
  6689 | D:9      | Received a gift from Trog
  6698 | D:9      | Reached skill level 14 in Axes
  6783 | D:9      | Reached ****** piety under Trog
  6884 | D:9      | Found a sparkling altar of Nemelex Xobeh.
  6999 | D:9      | Noticed a two-headed ogre
  7003 | D:9      | Killed a two-headed ogre
  7158 | D:9      | Reached skill level 15 in Axes
  7411 | D:10     | Entered Level 10 of the Dungeon
  7415 | D:10     | Reached skill level 10 in Armour
  7544 | D:10     | Reached XP level 11. HP: 77/82 MP: 2/10
  7718 | D:10     | Found Ecrevech's Antique Armour Boutique.
  7721 | D:10     | Bought a glowing troll leather armour for 558 gold pieces
  8091 | D:11     | Reached skill level 16 in Axes
  8355 | D:11     | Found a staircase to the Lair.
  8384 | D:11     | Noticed Gastronok
  8393 | D:11     | Demolished by Gastronok

Skill      XL: |  1  2  3  4  5  6  7  8  9 10 11 |
---------------+----------------------------------+-----
Axes           | 4 5 6 8 9 10 13 15 16 | 16.4
Armour         | 3 4 5 7 9 10 11 | 11.3
Dodging        | 3 4 5 6 |  6.3
Stealth        | 1 2 |  2.6
Fighting       | |  3.6

Action                   |  1- 3 |  4- 6 |  7- 9 | 10-12 || total
-------------------------+-------+-------+-------+-------++-------
Melee: Hand axe          |    67 |   124 |   157 |       ||   348
       Headbutt          |    10 |    16 |    44 |    43 ||   113
       Executioner's axe |       |       |    66 |   225 ||   291
Invok: Berserk           |       |       |     7 |     2 ||     9
       Burn Spellbooks   |       |       |     1 |       ||     1
       Trog's Hand       |       |       |       |     1 ||     1
  Use: Potion            |     5 |     4 |     1 |     3 ||    13
       Scroll            |     5 |     3 |     8 |     5 ||    21
  Eat: Chunk             |     1 |     5 |     7 |    14 ||    27
       Ration            |       |       |     2 |       ||     2
Armor: Animal skin       |     3 |       |       |       ||     3
       Ring mail         |    20 |    38 |     7 |       ||    65
       Scale mail        |       |       |    16 |       ||    16
       Chain mail        |       |       |   118 |    26 ||   144
       Plate armour      |       |       |       |   106 ||   106
Dodge: Dodged            |    43 |   113 |   151 |   139 ||   446
